 Dungeon Crawl Stone Soup version 0.31-a0-848-gaac375c287 (webtiles) character file.

Game seed: 2245631883195752219

2 retardedninja the Firebug (level 1, -2/1 HPs)
             Began as a Gargoyle Fire Elementalist on Oct 4, 2023.
             Slain by a kobold
             ... wielding a +2 whip of draining
              (3 damage)
             ... on level 1 of the Dungeon.
             The game lasted 00:00:32 (167 turns).

retardedninja the Firebug (GrFE)                     Turns: 167, Time: 00:00:33

Health: -2/1       AC:  2    Str: 11    XL:     1   Next: 30%
Magic:  3/3        EV: 12    Int: 15    God:
Gold:   13         SH:  0    Dex: 10    Spells: 3/4 levels left

rFire   . . .        (no weapon)
rCold   . . .        (no shield)
rNeg    + . .        a - melded +0 robe
rPois   ∞            (no helmet)
rElec   +            (no cloak)
rCorr   .            (no gloves)
SInv    .            (no boots)
Will    .....        (no amulet)
Stlth   ++           (no ring)
HPRegen 0.20/turn    (no ring)
MPRegen 0.08/turn

%: no passive effects
@: maw-form
A: devouring maw, reduced hp, sickness immunity, AC +2, negative energy
resistance 1, electricity resistance, torment resistance 1, petrification
resistance
a: Begin Untransformation


You were on level 1 of the Dungeon.
You were a creature with a mouth for a stomach.
You visited 1 branch of the dungeon, and saw 1 of its levels.

You collected 13 gold pieces.

Inventory:

Armour
 a - a +0 robe (melded)
Talismans
 e - a maw talisman (active)
Potions
 b - a potion of magic
 c - a potion of degeneration {unknown}
 d - a potion of haste {unknown}


   Skills:
 + Level 1.6 Dodging
 + Level 2.2 Stealth
 + Level 2.0 Spellcasting
 + Level 1.1 Conjurations
 + Level 3.0 Fire Magic


You had 3 spell levels left.
You knew the following spells:

 Your Spells              Type           Power      Damage    Failure   Level
a - Foxfire               Conj/Fire      28%        2x1d5     10%         1

Your spell library contained the following spells:

 Spells                   Type           Power      Damage    Failure   Level
 Scorch                   Fire           20%        2d5       10%         2
 Inner Flame              Hex/Fire       6%         N/A       34%         3
 Volatile Blastmotes      Fire/Tloc      12%        2d11      34%         3
 Flame Wave               Conj/Fire      7%         2d5       67%         4


Dungeon Overview and Level Annotations

Branches:
Dungeon (1/15)

Altars:


Innate Abilities, Weirdness & Mutations

You are a creature with a mouth for a stomach.
Your midsection houses a second, enormous mouth.
Your maximum health is decreased, since you lack skill for your form.
You are immune to sickness and miasma.
Your stone body is resilient. (AC +2)
You are immune to poison.
You resist negative energy. (rN+)
You are resistant to electric shocks. (rElec)
You are resistant to unholy torment.
You are immune to petrification.


Message History

You conjure some foxfire!
The foxfire hits the kobold but does no damage. x2
The foxfire hits the kobold.
The kobold is moderately wounded.
You conjure some foxfire!
The foxfire hits the kobold.
You kill the kobold!
You are out of magic!
Your foxfire dissipates!
You are out of magic!
You are out of magic!
You see here a maw talisman.
e - a maw talisman You begin transforming.
You continue transforming. x3
You turn into a creature with a mouth for a stomach.
Your +0 robe melds into your body.
HP restored.
Things that are here:
a +2 dagger of venom; a kobold corpse You see here 4 stones.
Things that are here:
a +2 dagger of venom; a kobold corpse You open the door.
There is an open door here.
An endoplasm and a kobold come into view.
The kobold is wielding a +2 whip of draining.
The endoplasm quivers.
The kobold shouts!
The endoplasm hits you but does no damage.
The endoplasm attacks as it pursues you!
The endoplasm closely misses you.
You hit the endoplasm.
You bite the endoplasm, but do no damage.
The endoplasm is almost dead.
The endoplasm hits you but does no damage.
You hit the endoplasm.
You kill the endoplasm!
You hit the kobold but do no damage. Your bite misses the kobold.
The kobold hits you with a +2 whip of draining.
Ouch! That really hurt!
You die...

##+## ##...##
##.....## ## #
##......>## ##.#.#
#.........####....#
+....(....'..WK...#
#....)....####......#
##.......## .....#.#
##.....## .##...#
##...## #. ...#
#######'## # ..##
##...###.# ...
#..#..##.# ####
.##.##...##


You could see a kobold.

Vanquished Creatures
  An endoplasm (D:1)
  A kobold (D:1)
2 creatures vanquished.

Vanquished Creatures (others)
  5 foxfires (D:1)
5 creatures vanquished.

Grand Total: 7 creatures vanquished

Notes
Turn   | Place    | Note
-------+----------+-------------------------------------------
     0 | D:1      | retardedninja the Gargoyle Fire Elementalist began the
                  | quest for the Orb.
     0 | D:1      | Reached XP level 1. HP: 10/10 MP: 3/3
   167 | D:1      | Slain by a kobold

Illustrated notes

Levels and vault maps discovered:
D:1:      erik_arrival_triangle_small, layout_loops_corners, nrook_mini_vaults,
          grunt_decor_mini_mirrors

Action                     || total
---------------------------++-------
  Melee: Unarmed           ||     3
         Maw               ||     1
   Cast: Foxfire           ||     3
 Armour: Skin              ||     3
  Dodge: Dodged            ||     1
   Form: Maw               ||     1

Table legend: (Time is in decaauts)
 A = Elapsed time spent in this place.
 B = Non-inter-level travel time spent in this place.
 C = Inter-level travel time spent in this place.
 D = Time resting spent in this place.
 E = Time spent auto-exploring this place.
 F = Levels seen in this place.
 G = Mean time per level.
                   A        B        C        D        E       F      G
               +--------+--------+--------+--------+--------+-----+--------+
         Total |    167 |    167 |      0 |      0 |     97 |   1 |  167.0 |
       Dungeon |    167 |    167 |      0 |      0 |     97 |   1 |  167.0 |
               +--------+--------+--------+--------+--------+-----+--------+

Top non-repeatable levels by time:
     D:1: 167 daAuts
